 Dungeon Crawl Stone Soup version 0.28.0 (webtiles) character file.

Game seed: 16722994892823556247

110 crazypyro the Chucker (level 4, -9/44 HPs)
             Began as an Ogre Hunter on Feb 4, 2022.
             Killed by divine providence
             ... invoked by an orc priest
              (13 damage)
             ... on level 3 of the Dungeon.
             The game lasted 00:03:46 (2867 turns).

crazypyro the Chucker (Ogre Hunter)                 Turns: 2867, Time: 00:03:47

Health: -9/44      AC:  3    Str: 18    XL:     4   Next: 91%
Magic:  4/4        EV: 10    Int: 12    God:
Gold:   125        SH:  0    Dex:  9    Spells: 3/3 levels left

rFire   . . .      SeeInvis .   k - +0 flail
rCold   . . .      Faith    .   (no shield)
rNeg    . . .      Spirit   .   b - +0 robe
rPois   .          Reflect  .   (helmet restricted)
rElec   .          Harm     .   (no cloak)
rCorr   .          Rampage  .   (gloves unavailable)
Will    .....                   (boots unavailable)
Stlth   +.........              (no amulet)
HPRegen 0.14/turn               (no ring)
MPRegen 0.09/turn               (no ring)

@: attractive
A: large, unfitting armour, tough skin 1
a: no special abilities


You were on level 3 of the Dungeon.
You visited 1 branch of the dungeon, and saw 3 of its levels.

You collected 125 gold pieces.

Inventory:

Hand Weapons
 a - a +0 short sword
 j - a +0 club
 k - a +0 flail (weapon)
Missiles
 c - 4 large rocks (quivered)
 d - 2 throwing nets
Armour
 b - a +0 robe (worn)
Scrolls
 f - a scroll of acquirement {unknown}
 h - 5 scrolls of identify {unknown}
 l - a scroll of silence {unknown}
 m - a scroll of immolation {unknown}
Potions
 e - a potion of flight {unknown}
 g - a potion of magic {unknown}
 i - a potion of attraction
 n - a potion of degeneration {unknown}


   Skills:
 - Level 2.7 Fighting
 * Level 3.7 Maces & Flails
 - Level 4.0 Throwing
 + Level 2.1 Dodging
 - Level 0.6 Stealth


You had 3 spell levels left.
You didn't know any spells.
Your spell library was empty.

Dungeon Overview and Level Annotations

Branches:
Dungeon (3/15)

Altars:


Innate Abilities, Weirdness & Mutations

You are too large for most types of armour.
You have tough skin. (AC +1)


Message History

You closely miss the orc.
The orc hits you with a +2 mace of protection.
You hit the orc.
You kill the orc!
You closely miss the goblin. The goblin hits you but does no damage.
You barely miss the goblin. The goblin barely misses you.
You barely miss the goblin.
The goblin hits you but does no damage. x2
You barely miss the goblin. The goblin closely misses you.
You sock the goblin!
You kill the goblin!
You thump the orc!
The orc is almost dead.
The orc hits you with a +0 dagger.
An orc comes into view. It is wielding a +0 hand axe.
The orc hits you with a +0 dagger.
You thump the orc!
You kill the orc!
You hit the orc but do no damage.
The orc drinks a potion.
The orc seems to grow stronger.
The orc priest begins to cast a cantrip, but forgets the words!
The orc barely misses you.
It was a potion of attraction.
You feel attractive to monsters. The orc hits you with a +0 hand axe.
You sock the orc!
You kill the orc!
The orc priest calls down the wrath of Beogh upon you.
Beogh smites you!
You hit the orc.
The orc is heavily wounded.
The orc hits you with a +0 falchion.
You hit the orc.
You kill the orc!
The orc priest invokes the aid of Beogh against you.
Pain shoots through your body!
* * * LOW HITPOINT WARNING * * *
The orc priest is attracted toward you.
The orc priest calls down the wrath of Beogh upon you.
Beogh smites you!
You die...

..........................#
............##...##.......#
##..........##...##.......#
##........###..<##.......#
#........#.....##.......#
#...............##########
#..........#..###
#..........#....#
.........#.##@####
...<...<.#.##..o§#
...........#####.#
...........# #..#
....###..### #.## #.. ....#
..# .. ##.#.. ..## # #.#..
... #.....g.oo


You could see an orc priest.

Vanquished Creatures
  A centaur skeleton (D:3)
  An adder (D:2)
  4 orcs (D:3)
  5 ball pythons
  2 bats (D:1)
  3 endoplasms (D:1)
  A giant cockroach (D:1)
  5 goblins
  4 hobgoblins
  14 jackals (D:1)
  6 kobolds
  2 quokkas
  2 frilled lizards
  15 rats
65 creatures vanquished.

Vanquished Creatures (others)
  A fungus (D:1)
1 creature vanquished.

Grand Total: 66 creatures vanquished

Notes
Turn   | Place    | Note
-------+----------+-------------------------------------------
     0 | D:1      | crazypyro the Ogre Hunter began the quest for the Orb.
     0 | D:1      | Reached XP level 1. HP: 22/22 MP: 1/1
   211 | D:1      | Reached skill level 1 in Maces & Flails
   214 | D:1      | Reached XP level 2. HP: 22/29 MP: 2/2
  1026 | D:1      | Reached XP level 3. HP: 28/36 MP: 3/3
  1861 | D:1      | Found a faded altar of an unknown god.
  2058 | D:2      | Reached XP level 4. HP: 44/44 MP: 4/4
  2867 | D:3      | Killed from afar by an orc priest

Illustrated notes

Levels and vault maps discovered:
D:1:      dpeg_arrival_stone_temple_mockup, layout_loops_corners,
          shapermc_ecumenical_altar_hornbeckon, st_stairs_9
D:2:      layout_loops_ring, minmay_rat_gold_closets
D:3:      layout_rooms, portal_sewer_entry_a

Skill      XL: |  1  2  3  4 |
---------------+-------------+-----
Maces & Flails | 1 2 3 |  3.7
Dodging        | 2 |  2.1
Fighting       | |  2.7
Throwing       | |  4.0
Stealth        | |  0.6

Action                   |  1- 3 |  4- 6 || total
-------------------------+-------+-------++-------
Melee: Short sword       |   144 |       ||   144
       Punch             |     1 |       ||     1
       Flail             |       |    61 ||    61
       Club              |       |     7 ||     7
Throw: Large rock        |    26 |     1 ||    27
  Use: Potion            |       |     1 ||     1
 Stab: Sleeping          |       |     3 ||     3
Armor: Robe              |    55 |    14 ||    69
Dodge: Dodged            |    68 |    32 ||   100
